 Dungeon Crawl Stone Soup version 0.32-a0-540-g866d13106e (console) character file.

Game seed: 604055854663263287

60 zenocrate the Slasher (level 4, -3/26 HPs)
             Began as a Tengu Gladiator on Feb 28, 2024.
             Slain by a gnoll
             ... wielding a +0 flail
              (9 damage)
             ... on level 2 of the Dungeon.
             The game lasted 00:02:13 (1387 turns).

zenocrate the Slasher (Tengu Gladiator)             Turns: 1387, Time: 00:02:13

Health: -3/26      AC:  3    Str: 13 (14) XL:     4   Next: 6%
Magic:  5/5        EV: 12    Int:  8 (9)  God:
Gold:   120        SH:  0    Dex: 16 (17) Spells: 3/3 levels left

rFire   . . .        a - +0 long sword
rCold   . . .        (no shield)
rNeg    . . .        b - +0 leather armour
rPois   .            c - +0 hat
rElec   .            (no cloak)
rCorr   .            (no gloves)
SInv    +            (boots unavailable)
Will    .....        (no amulet)
Stlth   +            g - ring of see invisible
HPRegen 0.24/turn    (no ring)
MPRegen 0.09/turn

%: acrobat
@: no status effects
A: beak, talons 3, acrobatic
a: no special abilities


You were on level 2 of the Dungeon.
You visited 1 branch of the dungeon, and saw 3 of its levels.

You collected 120 gold pieces.

Inventory:

Hand Weapons
 a - a +0 long sword (weapon)
Missiles
 d - 3 throwing nets
 e - a javelin
 f - 2 boomerangs
 j - 7 poisoned darts (quivered)
Armour
 b - a +0 leather armour (worn)
 c - a +0 hat (worn)
Jewellery
 g - a ring of see invisible (left hand)
Scrolls
 h - 2 scrolls of fog
 l - 2 scrolls of teleportation {unknown}
Potions
 i - a potion of magic {unknown}
 k - a potion of lignification
 m - a potion of berserk rage


   Skills:
 - Level 2.0 Fighting
 * Level 5.3 Long Blades
 - Level 2.0 Throwing
 - Level 3.2 Dodging


You had 3 spell levels left.
You didn't know any spells.
Your spell library contained the following spells:

 Spells                   Type           Power      Damage    Failure   Level
 Summon Small Mammal      Summ           0%         N/A       50%         1
 Ensorcelled Hibernation  Hex/Ice        0%         N/A       63%         2
 Lesser Beckoning         Tloc           0%         N/A       63%         2
 Call Canine Familiar     Summ           0%         N/A       86%         3
 Frozen Ramparts          Ice            0%         1d1       86%         3
 Fugue of the Fallen      Necr           0%         N/A       86%         3
 Gell's Gravitas          Tloc           0%         N/A       86%         3
 Teleport Other           Tloc           0%         N/A       86%         3
 Anguish                  Hex/Necr       0%         N/A       99%         4
 Leda's Liquefaction      Alch/Erth      0%         N/A       99%         4
 Petrify                  Alch/Erth      0%         N/A       99%         4
 Summon Blazeheart Golem  Fire/Summ      0%         N/A       99%         4
 Metabolic Englaciation   Hex/Ice        0%         N/A       100%        5


Dungeon Overview and Level Annotations

Branches:
Dungeon (3/15)

Altars:


Innate Abilities, Weirdness & Mutations

You have a beak for a mouth.
You have claws for feet.
You can magically evade attacks while moving or waiting.


Message History

Okay, then.
Okay, then.
You aren't carrying any items that you can evoke.
Unknown command.
Unknown command.
Unknown command.
Unknown command.
Unknown command.
The gnoll attacks as it pursues you! The gnoll closely misses you.
Unknown command.
Unknown command.
The gnoll attacks as it pursues you! The gnoll barely misses you.
Unknown command.
Unknown command.
You hit the gnoll but do no damage. The gnoll closely misses you.
Unknown command.
You hit the gnoll.
The gnoll is lightly wounded.
The gnoll barely misses you.
Unknown command.
You slash the gnoll!
You kill the gnoll!
The gnoll hits you with a +0 flail.
* * * LOW HITPOINT WARNING * * *
You have reached level 4!
You feel clever. The gnoll attacks as it pursues you! The gnoll misses you.
Unknown command.
You hit the gnoll but do no damage. You claw the gnoll, but do no damage.
The gnoll barely misses you.
Unknown command.
You hit the gnoll but do no damage. Your peck misses the gnoll.
The gnoll closely misses you.
Unknown command.
You slash the gnoll! You claw the gnoll, but do no damage.
You peck the gnoll, but do no damage.
The gnoll is heavily wounded.
The gnoll hits you but does no damage.
Unknown command.
You hit the gnoll.
The gnoll is severely wounded.
The gnoll hits you with a +0 flail!
You die...

.# #.#.# .# ##.#.# .#
#..(.# .###..#.#
..##....#######
..............#
#......######.#
#......# #.####
.......# #....#
#......# ####.#
#....(.# #@#
..##...## #g#
###.....## ##g#
##.......# ##gg#
#.........####..g##
'.........+.......#
#.........####...####
##.......## #.......#
##.....## #.##.##.#
##:..## #.##.# # #+##
#.##.#


You could see 5 gnolls.

Vanquished Creatures
  2 gnolls (D:2)
  An adder (D:2)
  A dart slug (D:1)
  2 endoplasms (D:1)
  A giant cockroach (D:2)
  2 hobgoblins
  4 jackals (D:1)
  5 kobolds
  3 quokkas
  A ball python (D:1)
  3 goblins
  5 rats
30 creatures vanquished.

Notes
Turn   | Place    | Note
-------+----------+-------------------------------------------
     0 | D:1      | zenocrate the Tengu Gladiator began the quest for the Orb.
     0 | D:1      | Reached XP level 1. HP: 12/12 MP: 2/2
   181 | D:1      | Reached XP level 2. HP: 17/17 MP: 3/3
   202 | D:1      | Reached skill level 4 in Long Blades
   558 | D:1      | Reached XP level 3. HP: 21/21 MP: 4/4
  1018 | D:2      | You fall into a shaft and drop 1 floor!
  1370 | D:2      | Reached skill level 5 in Long Blades
  1383 | D:2      | Reached XP level 4. HP: 5/26 MP: 5/5
  1387 | D:2      | Slain by a gnoll

Illustrated notes

Levels and vault maps discovered:
D:1:      sevenhm_arrival_forest_fort_large_2, layout_basic, serial_aquarium,
          aquarium_bridge_square [aquarium_subvault_bridge,
          aquarium_subvault_wall, aquarium_subvault_bridge,
          aquarium_subvault_balcony], aquarium_window_2, aquarium_window_corner,
          aquarium_window_corridor_1, aquarium_window_fake, aquarium_view_2c,
          grunt_decor_one_mirror
D:2:      layout_loops_corners, kennysheep_generic_room_11
D:3:      cheibrodos_thug_alley, layout_loops_ring, lemuel_round_altar,
          corexii_leaking_fountain, uniq_terence, uniq_robin, uniq_natasha,
          uniq_ijyb, uniq_jessica

Skill      XL: |  1  2  3 |
---------------+----------+-----
Long Blades    | 4 5 |  5.3
Fighting       | |  2.0
Throwing       | |  2.0
Dodging        | |  3.2

Action                     |  1- 3 |  4- 6 || total
---------------------------+-------+-------++-------
  Melee: Long sword        |    82 |     4 ||    86
         Kick              |    13 |     2 ||    15
         Peck              |    13 |     1 ||    14
    Use: Scroll            |     4 |       ||     4
         Potion            |     1 |       ||     1
   Stab: Sleeping          |     1 |       ||     1
 Armour: Leather armour    |    38 |     2 ||    40
  Dodge: Dodged            |    67 |     3 ||    70

Table legend: (Time is in decaauts)
 A = Elapsed time spent in this place.
 B = Non-inter-level travel time spent in this place.
 C = Inter-level travel time spent in this place.
 D = Time resting spent in this place.
 E = Time spent auto-exploring this place.
 F = Levels seen in this place.
 G = Mean time per level.
                   A        B        C        D        E       F      G
               +--------+--------+--------+--------+--------+-----+--------+
         Total |   1401 |   1389 |     12 |      0 |   1153 |   3 |  467.0 |
       Dungeon |   1401 |   1389 |     12 |      0 |   1153 |   3 |  467.0 |
               +--------+--------+--------+--------+--------+-----+--------+

Top non-repeatable levels by time:
     D:1: 895 daAuts
     D:2: 470 daAuts
     D:3: 36 daAuts
